 Dungeon Crawl Stone Soup version 0.21.1-1-g345015fe64 (webtiles) character file.

13521 axelfinisher the Severer (level 11, -6/95 HPs)
             Began as a Minotaur Fighter on Feb 20, 2018.
             Was a High Priest of Trog.
             Killed from afar by Erica (19 damage)
             ... with a wand of acid (9)
             ... on level 2 of the Lair of Beasts.
             The game lasted 00:49:00 (9186 turns).

axelfinisher the Severer (Minotaur Fighter)         Turns: 9186, Time: 00:49:01

Health: -6/95      AC:  7    Str: 23    XL:     11   Next: 76%
Magic:  15/15      EV:  6    Int:  9    God:    Trog [*****.]
Gold:   756        SH:  0    Dex:  9    Spells: 10/10 levels left

rFire    . . .     SeeInvis .   L - +0 battleaxe
rCold    . . .     Gourm    .   (shield currently unavailable)
rNeg     . . .     Faith    .   B - +0 plate armour
rPois    .         Spirit   .   (helmet restricted)
rElec    .         Reflect  .   (no cloak)
rCorr    .         Harm     .   (no gloves)
MR       ++...                  (no boots)
Stlth    ..........             C - amulet of regeneration
HPRegen  1.65/turn              n - +2 ring of intelligence
MPRegen  0.14/turn              (no ring)

@: lethally poisoned (-6 -> -6), corroded, regenerating, hasted, very quick
A: retaliatory headbutt, horns 2
a: Berserk, Trog's Hand, Brothers in Arms, Burn Spellbooks, Renounce Religion


You were on level 2 of the Lair of Beasts.
You worshipped Trog.
Trog was extremely pleased with you.
You were hungry.

You visited 2 branches of the dungeon, and saw 12 of its levels.
You also visited: Ossuary.

You collected 756 gold pieces.

Inventory:

Hand Weapons
 E - a +0 great mace
 I - a +3 war axe of freezing
 L - a +0 battleaxe (weapon)
Armour
 c - a +0 shield
 B - a +0 plate armour (worn)
Jewellery
 n - a +2 ring of intelligence (left hand)
 C - an amulet of regeneration (around neck)
 H - an uncursed amulet of faith
 K - an uncursed ring of wizardry {unknown}
 N - a cursed ring of loudness {unknown}
 Q - an uncursed ring of ice {unknown}
 U - an uncursed ring of magical power {unknown}
 V - a cursed -2 ring of intelligence
Wands
 G - a wand of scattershot (10)
 J - a wand of flame (47)
 M - a wand of paralysis (22)
 O - a wand of polymorph (5)
 R - a wand of disintegration (12)
Scrolls
 b - 3 scrolls of amnesia {unknown}
 e - 4 scrolls of fear {unknown}
 j - a scroll of silence {unknown}
 k - 2 scrolls of noise {unknown}
 m - a scroll of fog {unknown}
 o - 10 scrolls of remove curse {unknown}
 q - 8 scrolls of teleportation {unknown}
 r - 2 scrolls of random uselessness {unknown}
 u - 2 scrolls of magic mapping {unknown}
 v - 2 scrolls of enchant armour {unknown}
 y - 3 scrolls of enchant weapon {unknown}
 D - a scroll of blinking {unknown}
 F - 2 scrolls of immolation {unknown}
 P - 2 scrolls of identify
 S - a scroll of brand weapon {unknown}
Potions
 a - 2 potions of resistance
 d - 3 potions of might
 g - a potion of curing
 h - 3 potions of brilliance {unknown}
 i - 2 potions of lignification
 l - 2 potions of agility {unknown}
 p - 4 potions of haste
 s - a potion of heal wounds {unknown}
 t - 3 potions of magic {unknown}
 w - 2 potions of cancellation
 x - a potion of degeneration {unknown}
 z - 3 potions of berserk rage {unknown}
 A - 3 potions of flight {unknown}
Comestibles
 f - 19 rations


   Skills:
 + Level 8.4 Fighting
 + Level 18.0 Axes
 - Level 3.6 Armour
 - Level 3.6 Shields
 - Level 7.0 Evocations


You had 10 spell levels left.
You didn't know any spells.

Dungeon Overview and Level Annotations

Branches:
Dungeon (10/15)            Temple (0/1) D:4            Lair (2/6) D:10
    Orc (0/2) D:9
  Swamp: Lair:2-4    Shoals: Lair:2-4     Snake: Lair:2-4    Spider: Lair:2-4

Altars:
Ashenzari
Cheibriados
Dithmenos
Fedhas
Kikubaaqudgha
Nemelex Xobeh
Qazlal
Ru
Trog
Uskayaw

Shops:
D:6 *

Annotations:
Lair:1 exclusion: 2 oklob plants
Lair:2 Erica


Innate Abilities, Weirdness & Mutations

You reflexively headbutt those who attack you in melee.
You have a pair of horns on your head.


Message History

You are too injured to fight recklessly!
You are too injured to fight recklessly!
You are too injured to fight recklessly!
Your skin crawls.
You feel resistant to hostile enchantments.
You feel somewhat more hungry.
You feel sick.
Erica zaps a wand.
The bolt of acid hits you! The acid corrodes you!
You are splashed with acid!
The acid burns!
* * * LOW HITPOINT WARNING * * *
It is a wand of acid (9).
Your ogre goes berserk!
You are feeling hungry.
You feel sick. Erica gestures at you while chanting.
The orb of energy hits you!
* * * LOW HITPOINT WARNING * * *
The orb of energy explodes!
You feel yourself speed up.
You feel sick.
Erica zaps a wand.
The bolt of acid hits you!
You die...

..... .... ..... ...###. #...###
...P... ##P.#.P# ....... #..
#....... ...#... ##...
#......##.......
#....##........O......
#....#........@@......
##...##......#........ ........
#.....#####.###...##+#+#....... #
#....PP###.#.#[...............
#P##...P.........................
.................................
..........)......................
.................................
##..........................(....


You could see Erica and a friendly ogre (berserk).

Vanquished Creatures
  2 two-headed ogres
  Pikel (D:6)
  A manticore (D:10)
  A black mamba (Lair:2)
  A gargoyle (D:9)
  3 spiny frogs
  A komodo dragon (Lair:2)
  A troll (D:9)
  4 hippogriffs
  Sigmund (D:2)
  2 wyverns
  4 yaks (D:9)
  Grum (D:9)
  A hungry ghost (D:8)
  A basilisk (Lair:1)
  2 water moccasins
  A porcupine (Lair:2)
  6 orc warriors
  3 ice beasts
  An ogre (D:10)
  A sky beast (D:8)
  3 black bears
  A necrophage (D:4)
  2 phantoms
  4 wolves
  A crocodile (D:9)
  3 centaurs
  2 big kobolds
  7 bullfrogs
  6 scorpions
  3 killer bees (D:9)
  3 vampire bats (D:5)
  6 howler monkeys
  3 crimson imps
  4 hounds
  A centaur skeleton (D:9)
  6 jellies
  2 bullfrog skeletons
  8 orc priests
  7 orc wizards
  Terence (D:3)
  An iguana (D:9)
  6 worker ants
  2 hound zombies
  A hound skeleton (D:6)
  8 mummies (Ossuary)
  7 gnolls
  A howler monkey skeleton (D:9)
  12 adders
  A shadow imp (D:7)
  5 oozes (D:9)
  An adder zombie (D:8)
  An adder skeleton (D:6)
  2 worms (D:4)
  2 dart slugs
  5 leopard geckos
  44 orcs
  6 bats
  A bat skeleton (D:5)
  4 bat zombies (D:5)
  7 giant cockroaches
  4 goblins
  8 hobgoblins
  11 jackals
  3 quokkas
  6 frilled lizards
  A giant cockroach zombie (D:6)
  A gnoll zombie (Ossuary)
  A goblin zombie (D:5)
  2 hobgoblin zombies (Ossuary)
  21 kobolds
  3 kobold zombies
  2 leopard gecko skeletons (D:6)
  3 orc zombies (Ossuary)
  A quokka skeleton (D:6)
  9 rats
  2 fungi
  2 plants (D:3)
309 creatures vanquished.

Vanquished Creatures (collateral kills)
  A hydra (Lair:1)
  6 elephants
  A hippogriff (D:10)
  A basilisk (D:10)
  2 crocodiles
  A crimson imp (D:10)
  A bullfrog skeleton (D:10)
  An orc (D:10)
14 creatures vanquished.

Vanquished Creatures (others)
  2 plants (Lair:1)
2 creatures vanquished.

Grand Total: 325 creatures vanquished

Notes
Turn   | Place    | Note
-------+----------+-------------------------------------------
     0 | D:1      | axelfinisher the Minotaur Fighter began the quest for the Orb.
     0 | D:1      | Reached XP level 1. HP: 19/19 MP: 0/0
   127 | D:1      | Reached skill level 3 in Axes
   141 | D:1      | Reached XP level 2. HP: 25/26 MP: 1/1
   415 | D:1      | Reached skill level 4 in Axes
   749 | D:2      | Found a bloodstained altar of Trog.
   756 | D:2      | Reached XP level 3. HP: 21/31 MP: 2/2
   770 | D:2      | Became a worshipper of Trog the Wrathful
   837 | D:2      | Reached skill level 5 in Axes
   844 | D:2      | Reached XP level 4. HP: 22/39 MP: 3/3
   895 | D:2      | Found a sparkling altar of Nemelex Xobeh.
   966 | D:2      | Reached * piety under Trog
   996 | D:2      | Noticed Sigmund
  1005 | D:2      | Killed Sigmund
  1005 | D:2      | Reached skill level 7 in Axes
  1005 | D:2      | Reached XP level 5. HP: 45/45 MP: 4/4
  1005 | D:2      | Reached XP level 6. HP: 51/51 MP: 5/5
  1097 | D:3      | Found a stormy altar of Qazlal.
  1100 | D:3      | Found a snail-covered altar of Cheibriados.
  1200 | D:3      | Found a shattered altar of Ashenzari.
  1375 | D:3      | Reached skill level 8 in Axes
  1479 | D:3      | Found a blossoming altar of Fedhas.
  1815 | D:3      | Noticed Terence
  1824 | D:3      | Killed Terence
  1864 | D:3      | Found a hide-covered altar of Uskayaw.
  2059 | D:3      | You fall through a shaft for 2 floors!
  2059 | D:5      | Entered Level 5 of the Dungeon
  2082 | D:5      | HP: 1/51 [crimson imp (3)]
  2084 | D:5      | Reached skill level 9 in Axes
  2084 | D:5      | Reached XP level 7. HP: 1/57 MP: 6/6
  2087 | D:5      | HP: 1/57 [poisoned by an orc]
  2217 | D:5      | Found a sand-covered staircase.
  2236 | Ossuary  | Entered an ossuary
  2272 | Ossuary  | Reached ** piety under Trog
  2465 | D:5      | Reached skill level 10 in Axes
  2730 | D:5      | Noticed a wyvern
  2742 | D:5      | Killed a wyvern
  2742 | D:5      | Reached skill level 11 in Axes
  2742 | D:5      | Reached XP level 8. HP: 42/64 MP: 7/7
  3232 | D:5      | Found an ancient bone altar of Kikubaaqudgha.
  3247 | D:5      | Reached *** piety under Trog
  3368 | D:4      | Reached skill level 12 in Axes
  3390 | D:4      | Found a staircase to the Ecumenical Temple.
  4085 | D:6      | Reached skill level 13 in Axes
  4376 | D:6      | Reached **** piety under Trog
  4389 | D:6      | Found Pisud's Assorted Antiques.
  4454 | D:6      | Reached XP level 9. HP: 61/68 MP: 8/8
  4489 | D:6      | Noticed Pikel
  4493 | D:6      | Killed Pikel
  4493 | D:6      | Reached skill level 14 in Axes
  4830 | D:7      | Reached skill level 1 in Evocations
  4838 | D:7      | Reached skill level 15 in Axes
  5468 | D:8      | Found a sacrificial altar of Ru.
  5535 | D:8      | Found a shadowy altar of Dithmenos.
  5569 | D:8      | Reached XP level 10. HP: 70/75 MP: 11/11
  5728 | D:8      | Reached ***** piety under Trog
  5812 | D:8      | Found a bloodstained altar of Trog.
  6292 | D:9      | Noticed a two-headed ogre
  6300 | D:9      | Killed a two-headed ogre
  6300 | D:9      | Reached skill level 16 in Axes
  6300 | D:9      | Reached skill level 5 in Evocations
  6472 | D:9      | Noticed a gargoyle
  6485 | D:9      | Killed a gargoyle
  6535 | D:9      | Found a staircase to the Orcish Mines.
  6602 | D:9      | Noticed Grum
  6629 | D:9      | HP: 1/77 [Grum/halberd (20)]
  6775 | D:9      | Killed Grum
  7191 | D:10     | Entered Level 10 of the Dungeon
  7261 | D:10     | Reached XP level 11. HP: 63/82 MP: 15/15
  7522 | D:10     | Found a staircase to the Lair.
  7530 | D:10     | Reached skill level 17 in Axes
  7616 | D:10     | Reached skill level 5 in Fighting
  7918 | D:10     | Noticed a two-headed ogre
  7925 | D:10     | Killed a two-headed ogre
  8090 | Lair:1   | Entered Level 1 of the Lair of Beasts
  8090 | Lair:1   | Noticed a five-headed hydra
  8096 | Lair:1   | Killed a five-headed hydra
  8500 | Lair:1   | Noticed an oklob plant
  8500 | Lair:1   | Noticed an oklob plant
  9017 | Lair:2   | Received a gift from Trog
  9098 | Lair:2   | Reached skill level 18 in Axes
  9177 | Lair:2   | Noticed Erica
  9186 | Lair:2   | Killed from afar by Erica

Skill      XL: |  1  2  3  4  5  6  7  8  9 10 11 |
---------------+----------------------------------+-----
Axes           | 3 4 5 7 9 11 13 15 16 18 | 18.0
Evocations     | 3 7 |  7.0
Fighting       | 8 |  8.4
Armour         | |  3.6
Shields        | |  3.6

Action                   |  1- 3 |  4- 6 |  7- 9 | 10-12 || total
-------------------------+-------+-------+-------+-------++-------
Melee: War axe           |    87 |   145 |   271 |       ||   503
       Headbutt          |    10 |    27 |    57 |    47 ||   141
       Battleaxe         |       |       |    54 |   321 ||   375
Invok: Berserk           |       |     4 |     8 |    10 ||    22
       Burn Spellbooks   |       |       |     2 |     2 ||     4
       Trog's Hand       |       |       |       |     3 ||     3
       Brothers in Arms  |       |       |       |     5 ||     5
Evoke: Wand              |       |       |       |     5 ||     5
  Use: Potion            |       |     1 |       |     7 ||     8
       Scroll            |       |       |     4 |     4 ||     8
 Stab: Distracted        |       |       |     1 |       ||     1
  Eat: Chunk             |       |     4 |    15 |    21 ||    40
       Ration            |       |     1 |     3 |       ||     4
Armor: Scale mail        |    37 |    46 |     5 |       ||    88
       Plate armour      |       |       |   150 |   201 ||   351
       Skin              |       |       |       |    19 ||    19
Dodge: Dodged            |    33 |    33 |    50 |   121 ||   237
Block: Shield            |    38 |    58 |   103 |       ||   199
